 Dungeon Crawl Stone Soup version 0.29.1-13-g9f3cf754e1 (webtiles) character file.

Game seed: 4619696028251882739

3182 wingedge the Destroyer (level 9, -3/106 HPs)
             Began as a Demigod Conjurer on Feb 10, 2023.
             Slain by a manticore (4 damage)
             ... on level 8 of the Dungeon.
             The game lasted 00:30:25 (7638 turns).

wingedge the Destroyer (Demigod Conjurer)           Turns: 7638, Time: 00:30:26

Health: -3/106     AC: 24    Str:  8    XL:     9   Next: 37%
Magic:  4/20       EV:  2    Int: 24    God:
Gold:   490        SH:  0    Dex: 20    Spells: 11/18 levels left

rFire   + . .      SeeInvis .   x - +0 hand axe (elec)
rCold   . . .      Faith    .   (no shield)
rNeg    + . .      Spirit   .   (body armour currently unavailable)
rPois   +          Reflect  .   (helmet currently unavailable)
rElec   .          Harm     .   (cloak currently unavailable)
rCorr   +          Rampage  .   (gloves currently unavailable)
Will    .....      NoTele   +   (boots currently unavailable)
Stlth   ++........              E - amulet of Oruruy {RegenMP *Slow rF+ rCorr}
HPRegen 0.27/turn               t - ring of positive energy
MPRegen 0.57/turn               M - +4 ring of slaying

@: tree-form
A: stationary, stasis, torment immunity, boosted hp, high MP 1, forlorn, divine
attributes
a: no special abilities


You were on level 8 of the Dungeon.
You were a tree.
You visited 1 branch of the dungeon, and saw 8 of its levels.

You collected 490 gold pieces.

Inventory:

Hand Weapons
 g - a +0 mace
 p - a +0 short sword
 q - a +0 sling
 x - a +0 hand axe of electrocution (weapon)
 I - a +2 vorpal flail
Missiles
 u - 8 poisoned darts
 v - 4 boomerangs of dispersal
 y - 4 curare-tipped darts
Armour
 a - a +0 robe (melded)
 w - a +0 ring mail
 D - a +0 pair of boots (melded)
Magical Staves
 n - a staff of fire
Jewellery
 i - a ring of ice
 t - a ring of positive energy (left branch)
 E - the amulet of Oruruy (around neck) {RegenMP *Slow rF+ rCorr}
   (You found it on level 4 of the Dungeon)

   [amulet of magic regeneration]

   It increases your rate of magic regeneration.
   rF:        It protects you from fire.
   rCorr:     It protects you from acid and corrosion.
   *Slow:     It may slow you when you take damage.
 J - the necklace of Bloodlust {*Rage Will++ Int-3 Slay+6}
   (You found it on level 7 of the Dungeon)

   [amulet of nothing]

   It extends the wearer's berserk rage when killing foes.
   Int:       It affects your intelligence (-3).
   Slay:      It affects your accuracy & damage with ranged weapons and melee
   (+6).
   *Rage:     It berserks you when you make melee attacks (+50% chance).
   Will:      It greatly increases your willpower.
 M - a +4 ring of slaying (right branch)
Wands
 B - a wand of acid (7) (quivered)
 C - a wand of mindburst (13)
 K - a wand of roots (9)
 N - a wand of paralysis (8)
Scrolls
 c - 4 scrolls of enchant weapon
 f - 3 scrolls of immolation
 k - 2 scrolls of brand weapon {unknown}
 m - 2 scrolls of blinking {unknown}
 o - a scroll of acquirement {unknown}
 r - a scroll of summoning {unknown}
 s - 3 scrolls of fog {unknown}
 z - a scroll of fear {unknown}
 A - 4 scrolls of magic mapping
 G - a scroll of enchant armour {unknown}
 H - 3 scrolls of teleportation {unknown}
 L - a scroll of torment {unknown}
Potions
 b - a potion of magic
 e - a potion of resistance {unknown}
 h - a potion of lignification
 j - 3 potions of mutation
 l - a potion of haste {unknown}
 F - 3 potions of might {unknown}
 O - a potion of heal wounds {unknown}


   Skills:
 - Level 4.0 Fighting
 + Level 4.4 Dodging
 - Level 2.2 Stealth
 - Level 5.0 Spellcasting
 - Level 9.0 Conjurations
 - Level 5.0 Hexes


You had 11 spell levels left.
You knew the following spells:

 Your Spells              Type           Power      Damage    Failure   Level
a - Magic Dart            Conj           100%       1d8       1%          1
b - Searing Ray           Conj           98%        2d8       1%          2
c - Fulminant Prism       Conj/Hex       19%        3d11      4%          4

Your spell library contained the following spells:

 Spells                   Type           Power      Damage    Failure   Level
 Dazzling Flash           Conj/Hex       78%        N/A       1%          3
 Necrotise                Necr           24%        1d5       9%          1
 Iskenderun's Mystic Bla  Conj/Tloc      27%        2d7       14%         4
 Vampiric Draining        Necr           6%         2d6       26%         3
 Agony                    Necr           6%         N/A       94%         5


Dungeon Overview and Level Annotations

Branches:
Dungeon (8/15)             Temple (0/1) D:5
   Lair: D:8-11

Shops:
D:6 (


Innate Abilities, Weirdness & Mutations

You are a tree.
Your roots penetrate the ground, keeping you stationary.
You cannot be teleported.
You are immune to unholy pain and torment.
Your maximum health is greatly increased.
Your equipment is partially melded.
You have an increased reservoir of magic. (+10% MP)
You shall have no god before yourself.
Your divine heritage dramatically boosts your attributes as you level up.


Message History

You conjure a prism of explosive energy!
A fulminant prism comes into view.
The manticore bites you.
* * * LOW HITPOINT WARNING * * *
The manticore claws you.
* * * LOW HITPOINT WARNING * * *
The manticore claws you.
* * * LOW HITPOINT WARNING * * *
You feel better.
The manticore bites you but does no damage.
The manticore claws you but does no damage. x2
Your fulminant prism crackles loudly.
You carefully extract the barbed spikes from your body.
The manticore bites you but does no damage.
The manticore claws you but does no damage. x2
A white imp comes into view.
Your fulminant prism explodes!
The blast of energy engulfs the red ugly thing!
The red ugly thing is heavily wounded.
The blast of energy engulfs the white imp!
You kill the white imp!
The blast of energy engulfs the manticore!
The manticore is severely wounded.
Casting: Fulminant Prism (dangerous; 4% risk of failure)
Confirm with . or Enter, or press ? or * to list all spells.
Aiming: Fulminant Prism (dangerous; 4% risk of failure)
Press: ? - help, Dir - move target You conjure a prism of explosive energy!
A fulminant prism comes into view.
The manticore bites you!
* * * LOW HITPOINT WARNING * * *
The manticore claws you.
* * * LOW HITPOINT WARNING * * *
The manticore claws you but does no damage.
You feel better.
An orc wizard comes into view. It is wielding a +0 dagger.
The manticore bites you!
* * * LOW HITPOINT WARNING * * *
The manticore claws you.
You die...

### #.. #.# #
##.## .. ...
.##.###.#
.....).o#####.###
....##.uH♣.......
. #*######.### #.
#. .. .. .#. ...


You could see a red ugly thing (ally target), a manticore, an orc wizard and a
friendly fulminant prism.

Vanquished Creatures
  A shadow (D:6)
  2 vampire mosquitoes (D:7)
  Menkaure (D:4)
  3 orc warriors
  2 water moccasins
  3 ice beasts
  A black bear (D:5)
  An ogre (D:4)
  3 centaurs (D:6)
  2 phantoms (D:5)
  2 bullfrogs
  A necrophage (D:5)
  7 scorpions
  A wight (D:7)
  A jelly (D:4)
  3 orc priests
  6 hounds
  3 iguanas
  4 orc wizards
  A gnoll (D:1)
  8 adders
  2 shadow imps (D:7)
  3 white imps
  An ufetubus (D:7)
  4 dart slugs
  A worm (D:2)
  17 orcs
  6 endoplasms
  5 giant cockroaches
  4 goblins
  4 hobgoblins
  A jackal (D:1)
  5 quokkas
  8 ball pythons
  7 bats
  6 frilled lizards
  7 kobolds
  6 rats
143 creatures vanquished.

Vanquished Creatures (others)
  70 fulminant prisms
  10 fungi (D:2)
  16 plants (D:2)
96 creatures vanquished.

Grand Total: 239 creatures vanquished

Notes
Turn   | Place    | Note
-------+----------+-------------------------------------------
     0 | D:1      | wingedge the Demigod Conjurer began the quest for the Orb.
     0 | D:1      | Reached XP level 1. HP: 14/14 MP: 5/5
   305 | D:1      | Reached skill level 4 in Conjurations
   381 | D:1      | Reached XP level 2. HP: 20/20 MP: 5/7
   478 | D:1      | Learned a level 2 spell: Searing Ray
  1169 | D:1      | Reached XP level 3. HP: 26/26 MP: 3/8
  1998 | D:2      | Reached skill level 5 in Conjurations
  2770 | D:3      | Reached XP level 4. HP: 34/34 MP: 4/9
  2945 | D:3      | Reached skill level 1 in Fighting
  3008 | D:3      | Reached skill level 1 in Hexes
  3168 | D:3      | Reached XP level 5. HP: 36/40 MP: 4/10
  3719 | D:4      | Reached XP level 6. HP: 44/47 MP: 9/12
  3798 | D:4      | Learned a level 4 spell: Fulminant Prism
  3845 | D:4      | Noticed Menkaure
  3847 | D:4      | Killed Menkaure
  4104 | D:4      | Identified the amulet of Oruruy {RegenMP *Slow rF+ rCorr}
  4383 | D:5      | Entered Level 5 of the Dungeon
  4414 | D:5      | Reached XP level 7. HP: 39/55 MP: 5/14
  4420 | D:5      | Reached skill level 5 in Hexes
  4684 | D:5      | Found a staircase to the Ecumenical Temple.
  4750 | D:5      | Reached skill level 6 in Conjurations
  4935 | D:5      | Reached XP level 8. HP: 61/61 MP: 1/17
  5077 | D:5      | Reached skill level 7 in Conjurations
  5826 | D:6      | Reached skill level 8 in Conjurations
  6172 | D:6      | Found Peihej's Weapon Boutique.
  6281 | D:7      | Found the necklace of Bloodlust {*Rage Will++ Int-3 Slay+6}
  6589 | D:7      | Reached skill level 9 in Conjurations
  6589 | D:7      | Reached XP level 9. HP: 54/71 MP: 9/18
  6894 | D:7      | Identified the amulet "Ledghod" {Reflect rN+ Will- rCorr
                  | SH+5}
  7084 | D:7      | Reached skill level 5 in Spellcasting
  7628 | D:8      | Noticed a manticore
  7630 | D:8      | Noticed a red ugly thing
  7637 | D:8      | HP: 5/106 [manticore (6)]
  7638 | D:8      | HP: 1/106 [manticore (9)]
  7638 | D:8      | Slain by a manticore

Illustrated notes

Levels and vault maps discovered:
D:1:      nzn_arrival_settlement, layout_basic, minmay_pentomino_x2
D:2:      layout_loops_ring, shapermc_ecumenical_altar_hornbeckon,
          lexackson_kobold_supper
D:3:      layout_basic, nicolae_vehumet_altar_sigil
D:4:      layout_loops_ring, uniq_menkaure
D:5:      layout_gridville, grunt_temple_overflow_open,
          minmay_temple_entry_hall, hangedman_abyss_or_decor_jellyfish_corner,
          kennysheep_generic_room_4
D:6:      layout_basic, zin_treasury, tso_metal_star, grunt_qazlal_sundering,
          serial_shops, nicolae_shop_bloodbath_and_beyond
D:7:      layout_basic, amcnicky_altar_gilded, mainiacjoe_overflow_catwalk,
          serial_rivers, chequers_serial_rivers_large_b,
          chequers_serial_rivers_small_a, chequers_serial_rivers_room_a,
          chequers_serial_rivers_room_a, chequers_serial_rivers_small_3,
          kennysheep_generic_room_15
D:8:      layout_loops_cross, mainiacjoe_overflow_concentric_impassable,
          corexii_corridor_pit, patterned_corridor

Skill      XL: |  1  2  3  4  5  6  7  8  9 |
---------------+----------------------------+-----
Conjurations   | 4 5 6 9 |  9.0
Spellcasting   | 2 3 4 5 |  5.0
Fighting       | 1 2 4 |  4.0
Hexes          | 2 3 4 5 |  5.0
Dodging        | 2 4 |  4.4
Stealth        | 2 |  2.2

Action                   |  1- 3 |  4- 6 |  7- 9 || total
-------------------------+-------+-------+-------++-------
Melee: Mace              |    16 |       |       ||    16
       Hand axe          |       |     5 |     7 ||    12
Throw: Dart              |       |     7 |       ||     7
 Cast: Magic Dart        |    60 |    27 |    14 ||   101
       Searing Ray       |    14 |    12 |    20 ||    46
       Fulminant Prism   |       |     3 |    68 ||    71
Evoke: Wand              |       |     3 |     2 ||     5
  Use: Scroll            |       |     4 |     4 ||     8
       Potion            |       |     1 |     5 ||     6
Armor: Robe              |     5 |     5 |     4 ||    14
       Skin              |       |       |     8 ||     8
Dodge: Dodged            |    14 |    18 |    36 ||    68
